 Dungeon Crawl Stone Soup version 0.22.1-2-g9c5b331 (console) character file.

12251 Goblin1989 the Cleaver (level 11, -4/99 HPs)
             Began as a Deep Dwarf Fighter on Dec 28, 2018.
             Was a High Priest of Makhleb.
             Killed from afar by a deep elf mage (16 damage)
             ... with a wand of acid (6)
             ... on level 12 of the Dungeon.
             The game lasted 00:29:18 (9269 turns).

Goblin1989 the Cleaver (Deep Dwarf Fighter)         Turns: 9269, Time: 00:29:19

Health: -4/99      AC: 13    Str: 23    XL:     11   Next: 60%
Magic:  15/15      EV:  8    Int:  9    God:    Makhleb [*****.]
Gold:   567        SH: 12    Dex: 12    Spells: 10/10 levels left

rFire    + . .     SeeInvis +   a - +1 war axe
rCold    . . .     Gourm    .   c - +1 shield
rNeg     . . .     Faith    +   D - +0 plate armour (curse)
rPois    .         Spirit   .   (no helmet)
rElec    .         Reflect  .   B - +0 cloak
rCorr    .         Harm     .   v - +0 pair of gloves
MR       +....                  u - +0 pair of boots
Stlth    ..........             y - amulet of faith {!P}
HPRegen  0.00/turn              s - ring of see invisible
MPRegen  0.14/turn              f - ring of protection from fire

@: corroded, non-regenerating
A: damage resistance, heal wounds, sense surroundings 2, no regeneration
a: Heal Wounds, Minor Destruction, Lesser Servant of Makhleb, Major Destruction,
Greater Servant of Makhleb, Renounce Religion


You were on level 12 of the Dungeon.
You worshipped Makhleb.
Makhleb was extremely pleased with you.
You were hungry.

You visited 2 branches of the dungeon, and saw 13 of its levels.
You also visited: Sewer.

You collected 879 gold pieces.
You spent 312 gold pieces at shops.

Inventory:

Hand Weapons
 a - a +1 war axe (weapon)
 b - a +4 scimitar of flaming
 w - a +0 blowgun {@w1}
Missiles
 Y - 46 poisoned needles
 Z - a throwing net (quivered) {!d , @Q1}
Armour
 c - a +1 shield (worn)
 q - a +2 chain mail of positive energy
 u - a +0 pair of boots (worn)
 v - a +0 pair of gloves (worn)
 B - a +0 cloak (worn)
 D - a cursed +0 plate armour (worn)
 S - a +2 chain mail of poison resistance
Jewellery
 f - a ring of protection from fire (right hand)
 m - an uncursed ring of protection from magic
 s - a ring of see invisible (left hand)
 y - an amulet of faith (around neck) {!P}
 N - an uncursed ring of ice
Wands
 t - a wand of scattershot (5) {@v5}
 E - a wand of paralysis (9) {@v7}
 K - a wand of iceblast (12) {@v4}
 L - a wand of flame (30) {@v6}
Scrolls
 j - 2 scrolls of fear
 G - a scroll of fog {unknown}
 I - a scroll of brand weapon {unknown}
 J - a scroll of summoning {unknown}
 M - a scroll of magic mapping
 O - a scroll of acquirement {unknown}
 P - a scroll of enchant weapon
 R - 2 scrolls of identify {@r1}
 T - 4 scrolls of teleportation {!r, @r2}
 U - 2 scrolls of noise {unknown}
 V - a scroll of blinking {unknown}
 W - 5 scrolls of remove curse {@r3}
 X - 4 scrolls of enchant armour
Potions
 d - 3 potions of might {@q4}
 g - 2 potions of mutation {!q}
 h - 2 potions of magic {unknown}
 i - 12 potions of curing {@q1}
 l - a potion of brilliance
 p - 4 potions of agility {@q5}
 r - 2 potions of flight
 x - 5 potions of lignification
 z - 2 potions of cancellation {unknown}
 A - a potion of haste {@q3,}
 C - 2 potions of resistance {@q6}
 F - 11 potions of heal wounds {@q2}
 H - a potion of ambrosia {unknown}
 Q - 2 potions of invisibility
Comestibles
 e - 25 rations


   Skills:
 + Level 6.8 Fighting
 * Level 10.8 Axes
 + Level 8.3 Armour
 + Level 7.3 Dodging
 + Level 8.0 Shields
 + Level 8.0 Invocations
 + Level 7.4 Evocations


You had 10 spell levels left.
You didn't know any spells.
Your spell library contained the following spells:

 Spells                   Type           Power        Failure   Level  Hunger
 Animate Skeleton         Necr           N/A          100%        1    ##.....
 Freeze                   Ice            #...         100%        1    ##.....
 Pain                     Necr           #...         100%        1    ##.....
 Sandblast                Erth           #.....       100%        1    ##.....
 Passwall                 Tmut/Erth      #.......     100%        2    ###....
 Throw Frost              Conj/Ice       #.....       100%        2    ###....
 Ozocubu's Armour         Chrm/Ice       #.......     100%        3    ####...
 Stone Arrow              Conj/Erth      #.....       100%        3    ####...
 Vampiric Draining        Necr           #.........   100%        3    ####...
 Animate Dead             Necr           N/A          100%        4    #####..
 Petrify                  Tmut/Erth      #.......     100%        4    #####..
 Summon Ice Beast         Ice/Summ       #.......     100%        4    #####..
 Throw Icicle             Conj/Ice       #.......     100%        4    #####..
 Lee's Rapid Deconstruct  Erth           #.........   100%        5    ######.
 Regeneration             Chrm/Necr      Unusable     N/A         3    N/A

Dungeon Overview and Level Annotations

Branches:
Dungeon (12/15)            Temple (1/1) D:4            Lair (0/6) D:11
    Orc (0/2) D:10

Altars:
Dithmenos
Fedhas
Hepliaklqana
Makhleb
Nemelex Xobeh
Ru
Vehumet
Wu Jian
Xom
Yredelemnul
Zin
The Shining One

Shops:
D:9 !


Innate Abilities, Weirdness & Mutations

You are resistant to damage.
You can heal yourself by infusing magical energy.
You passively map the area around you.
You do not regenerate.


Message History

The hungry ghost is moderately damaged.
Your orange demon barely misses the hungry ghost.
The hungry ghost hits you.
You feel a lot more hungry.
You miss the hungry ghost.
The hungry ghost is moderately damaged.
Your orange demon closely misses the hungry ghost.
The hungry ghost barely misses you.
Your plate armour prevents you from hitting the hungry ghost.
The hungry ghost is moderately damaged.
Your orange demon stings the hungry ghost from afar.
The hungry ghost hits you.
You are feeling hungry.
Your orange demon closely misses the hungry ghost.
You closely miss the hungry ghost.
The hungry ghost is moderately damaged.
The hungry ghost hits you.
You are feeling very hungry.
Your orange demon stings the hungry ghost from afar!
You miss the hungry ghost.
The hungry ghost is severely damaged.
You block the hungry ghost's attack.
MP restored: 15 You closely miss the hungry ghost.
The hungry ghost is severely damaged.
Your orange demon barely misses the hungry ghost.
The hungry ghost barely misses you.
You hit the hungry ghost but do no damage.
The hungry ghost is severely damaged.
Your orange demon stings the hungry ghost from afar.
The hungry ghost hits you.
You are near starving!
You slash the hungry ghost!
You destroy the hungry ghost!
Makhleb accepts your kill.
You feel better.
You regained 13 hp, and now have 68/99 hp.
Eating a chunk of flesh.
You eat the chunk of flesh.
This raw flesh tastes terrible.
You are feeling hungry.
Okay, then.
Key pressed, stopping explore.
Your orange demon disappears in a puff of smoke!
Key pressed, stopping explore.
Key pressed, stopping explore.
P - a scroll of enchant weapon
i - 12 potions of curing {@q1} (gained 1)
Found a stone staircase leading up.
A deep elf mage comes into view. It is wielding a long sword.
The deep elf mage shouts!
The deep elf mage picks up a glass wand.
The deep elf mage zaps a wand.
The bolt of acid hits you!
You are splashed with acid!
The acid burns!
It is a wand of acid (8).
You take 10 damage, and have 58/99 hp.
The deep elf mage casts a spell at you. The magic dart hits you!
You take 9 damage, and have 49/99 hp.
You hit the deep elf mage but do no damage.
The deep elf mage hits you but does no damage.
You closely miss the deep elf mage.
The deep elf mage casts a spell.
The deep elf mage conjures a globe of magical energy!
A battlesphere comes into view.
You hit the deep elf mage but do no damage.
The deep elf mage zaps a wand.
The bolt of acid hits you!
* * * LOW HITPOINT WARNING * * *
The acid corrodes you!
You are splashed with acid!
The acid burns!
* * * LOW HITPOINT WARNING * * *
You are too injured to fight recklessly!
You are too injured to fight recklessly!
You are too injured to fight recklessly!
You are too injured to fight recklessly!
You are too injured to fight recklessly!
You take 24 damage, and have 25/99 hp.
MASSIVE DAMAGE!!
You are too injured to fight recklessly!
You are too injured to fight recklessly!
You are too injured to fight recklessly!
You are too injured to fight recklessly!
You are too injured to fight recklessly!
You are too injured to fight recklessly!
You are too injured to fight recklessly!
You are too injured to fight recklessly!
You are too injured to fight recklessly!
You are too injured to fight recklessly!
You are too injured to fight recklessly!
You are too injured to fight recklessly!
Unknown command.
You closely miss the deep elf mage.
The deep elf mage zaps a wand.
The bolt of acid hits you!
* * * LOW HITPOINT WARNING * * *
You are splashed with acid!
The acid burns!
* * * LOW HITPOINT WARNING * * *
You take 13 damage, and have 12/99 hp.
You hit the deep elf mage.
The deep elf mage is lightly wounded.
The deep elf mage gestures at you while chanting.
You block the orb of energy.
You miss the deep elf mage.
The deep elf mage is lightly wounded.
The deep elf mage zaps a wand.
The bolt of acid hits you!
You die...

· · · · · ▓ ··
......· · · · ·
█ ....... · ·
··· ·█.·...<..
▓▓· · ·
.█.██....█ ·
....█.... ▓ ▓ ▓
█....... · · ·▓
· · ·
.█......████.█
▓·
·......$..@e.*█
▓ · ·
·██.███.███..█
· · ·· █.█▓ ·.█
▓ ▓ ▓███ ▓· ·
█.█ .. · ..█ ▓▓
▓·▓ ▓▓ █.█ █ ..
· · ▓▓█.
█.█.██.█·..··
█. ▓▓▓
████......█ █ ▓
█. █.......███
· ██ █.████..█
▓ ▓ █


You could see a deep elf mage and a battlesphere.

Vanquished Creatures
  Azrael (D:12)
  A two-headed ogre (D:8)
  Pikel (D:5)
  A deep elf mage (D:12)
  An ugly thing (D:12)
  A kobold demonologist (D:11)
  A merfolk (D:10)
  A troll (D:11)
  2 hippogriffs
  A basilisk (D:11)
  2 fire elementals (D:12)
  10 yaks
  A hungry ghost (D:12)
  A spectral hornet (D:11)
  2 hell hounds (D:12)
  5 orc warriors
  A sky beast (D:10)
  2 ice beasts
  2 slaves (D:5)
  3 phantoms
  3 centaurs
  An ogre (D:10)
  4 big kobolds
  5 bullfrogs
  3 gnoll sergeants
  A wyvern skeleton (D:11)
  3 scorpions
  A killer bee (D:10)
  5 wights (D:9)
  6 crimson imps
  A bullfrog zombie (D:8)
  2 jellies
  4 centaur zombies
  5 hounds
  6 orc wizards
  3 orc priests
  3 bullfrog skeletons
  2 centaur skeletons
  Jessica (D:2)
  2 iguanas
  11 worker ants
  A killer bee zombie (D:9)
  A hound skeleton (D:4)
  A worker ant zombie (D:9)
  A howler monkey zombie (D:11)
  10 gnolls
  13 adders
  6 river rats (Sewer)
  2 shadow imps (D:11)
  2 oozes
  An adder zombie (D:9)
  2 adder skeletons (D:4)
  6 worms
  2 dart slugs
  2 leopard geckos
  29 orcs
  4 giant cockroaches
  5 goblins
  9 hobgoblins
  10 jackals
  4 quokkas
  3 ball pythons (Sewer)
  3 bats
  5 frilled lizards
  A giant cockroach zombie (D:6)
  26 kobolds
  A leopard gecko zombie (D:5)
  2 quokka skeletons
  2 quokka zombies
  21 rats
287 creatures vanquished.

Vanquished Creatures (collateral kills)
  3 two-headed ogres
  2 orc warriors (D:10)
  An ogre (D:10)
  A scorpion (D:10)
  5 killer bees (D:10)
  An iguana (D:10)
  2 orc wizards
  An adder (D:10)
  An orc (D:10)
17 creatures vanquished.

Vanquished Creatures (others)
  A crimson imp (D:5)
1 creature vanquished.

Grand Total: 305 creatures vanquished

Notes
Turn   | Place    | Note
-------+----------+-------------------------------------------
     0 | D:1      | Goblin1989 the Deep Dwarf Fighter began the quest for the
                  | Orb.
     0 | D:1      | Reached XP level 1. HP: 20/20 MP: 1/1
   175 | D:1      | Reached XP level 2. HP: 25/27 MP: 2/2
  1002 | D:2      | Reached XP level 3. HP: 34/34 MP: 2/2
  1050 | D:2      | Reached skill level 3 in Axes
  1050 | D:2      | Reached skill level 1 in Dodging
  1381 | D:2      | Noticed Jessica
  1391 | D:2      | Killed Jessica
  1391 | D:2      | Reached XP level 4. HP: 32/42 MP: 3/3
  1683 | D:3      | Reached skill level 4 in Axes
  1683 | D:3      | Reached XP level 5. HP: 41/49 MP: 4/4
  2305 | D:4      | Reached XP level 6. HP: 43/56 MP: 5/5
  2875 | D:4      | Found a staircase to the Ecumenical Temple.
  2881 | Temple   | Entered the Ecumenical Temple
  2887 | Temple   | Became a worshipper of Makhleb the Destroyer
  3089 | D:5      | Entered Level 5 of the Dungeon
  3263 | D:5      | Reached skill level 5 in Axes
  3299 | D:5      | Reached skill level 1 in Invocations
  3331 | D:5      | Noticed a slave
  3333 | D:5      | Noticed a slave
  3333 | D:5      | Noticed a slave
  3334 | D:5      | Noticed Pikel
  3334 | D:5      | Noticed a slave
  3338 | D:5      | Reached XP level 7. HP: 42/63 MP: 6/6
  3359 | D:5      | Killed Pikel
  3359 | D:5      | Reached skill level 5 in Armour
  3359 | D:5      | Reached skill level 5 in Shields
  3360 | D:5      | Reached skill level 6 in Axes
  3679 | D:5      | Found a radiant altar of Vehumet.
  3691 | D:5      | Found a shadowy altar of Dithmenos.
  3744 | D:5      | Reached XP level 8. HP: 70/72 MP: 8/8
  4024 | D:6      | Reached skill level 1 in Evocations
  4043 | D:6      | Found a glowing drain.
  4059 | Sewer    | Entered a sewer
  4070 | Sewer    | Reached * piety under Makhleb
  4189 | Sewer    | Reached ** piety under Makhleb
  5235 | D:7      | Reached skill level 7 in Axes
  5270 | D:7      | Reached *** piety under Makhleb
  5315 | D:7      | Found a blossoming altar of Fedhas.
  5383 | D:7      | Gained mutation: You passively map the area around you.
                  | [Deep Dwarf growth]
  5383 | D:7      | Reached XP level 9. HP: 68/80 MP: 10/10
  5991 | D:8      | Reached skill level 5 in Fighting
  6082 | D:8      | Reached skill level 5 in Dodging
  6085 | D:8      | Noticed a two-headed ogre
  6117 | D:8      | Killed a two-headed ogre
  6117 | D:8      | Reached skill level 8 in Axes
  6117 | D:8      | Reached skill level 5 in Invocations
  6247 | D:8      | Reached **** piety under Makhleb
  6767 | D:9      | Found Cyph's Distillery.
  6799 | D:9      | Reached XP level 10. HP: 87/88 MP: 12/12
  6809 | D:9      | Reached skill level 5 in Evocations
  6853 | D:9      | Bought a potion of lignification for 36 gold pieces
  6853 | D:9      | Bought a potion of flight for 36 gold pieces
  6853 | D:9      | Bought a potion of resistance for 120 gold pieces
  6853 | D:9      | Bought a potion of heal wounds for 60 gold pieces
  6853 | D:9      | Bought a potion of heal wounds for 60 gold pieces
  6943 | D:9      | Noticed a two-headed ogre
  6950 | D:9      | Killed a two-headed ogre
  7099 | D:9      | Reached skill level 9 in Axes
  7281 | D:10     | Entered Level 10 of the Dungeon
  7281 | D:10     | Noticed a two-headed ogre
  7287 | D:10     | Killed a two-headed ogre
  7600 | D:10     | Noticed a two-headed ogre
  7611 | D:10     | Killed a two-headed ogre
  7715 | D:10     | Reached skill level 10 in Axes
  7742 | D:10     | Reached ***** piety under Makhleb
  7834 | D:10     | Reached XP level 11. HP: 78/97 MP: 14/14
  8043 | D:10     | Found a staircase to the Orcish Mines.
  8330 | D:11     | Got a bloodstained short sword
  8467 | D:11     | Found a staircase to the Lair.
  8874 | D:11     | Identified the +6 short sword "ETAOIN SHRDLU" {antimagic,
                  | rF+} (You found it on level 11 of the Dungeon)
  9033 | D:12     | Noticed Azrael
  9061 | D:12     | Killed Azrael
  9130 | D:12     | Noticed a deep elf mage
  9153 | D:12     | Killed a deep elf mage
  9176 | D:12     | Noticed a cyan ugly thing
  9195 | D:12     | Killed a cyan ugly thing
  9261 | D:12     | Noticed a deep elf mage
  9269 | D:12     | Killed from afar by a deep elf mage

Skill      XL: |  1  2  3  4  5  6  7  8  9 10 11 |
---------------+----------------------------------+-----
Fighting       | 3 4 5 6 |  6.8
Axes           | 3 4 5 6 7 8 10 | 10.8
Dodging        | 1 2 3 4 5 6 7 |  7.3
Armour         | 4 5 6 7 8 |  8.3
Shields        | 4 5 6 7 8 |  8.0
Invocations    | 1 2 4 5 7 8 |  8.0
Evocations     | 3 4 6 7 |  7.4

Action                   |  1- 3 |  4- 6 |  7- 9 | 10-12 || total
-------------------------+-------+-------+-------+-------++-------
Melee: War axe           |    81 |   183 |   438 |   428 ||  1130
Invok: Lesser Servant of |       |       |       |     8 ||     8
 Abil: Heal Wounds       |     2 |     1 |    17 |    10 ||    30
  Use: Scroll            |       |       |    13 |     4 ||    17
 Stab: Distracted        |       |       |       |     2 ||     2
  Eat: Chunk             |     2 |     6 |     9 |     7 ||    24
       Ration            |       |       |     1 |     1 ||     2
Armor: Scale mail        |    28 |    71 |    68 |       ||   167
       Plate armour      |       |       |   116 |   190 ||   306
Dodge: Dodged            |    19 |    62 |   182 |   115 ||   378
Block: Shield            |    28 |   101 |   333 |   275 ||   737

Vault maps used:
D:1:      evilmike_arrival_sounds_zot, serial_park_tiny_2,
          hangedman_decor_clover_reticule
D:2:      uniq_jessica
D:3:      serial_glass, glass_columns_a, glass_columns_a
D:4:      temple_green, first_ration, st_stairs_10, kennysheep_generic_room_6
D:5:      nicolae_dithmenos_through_a_glass_darkly, vehumet_altar_wand_db,
          nicolae_overflow_hidden_temple, uniq_pikel
D:6:      portal_sewer_entry_d
D:7:      fedhas_altar_2
D:9:      serial_shops, shop
D:10:     david_orc_4, hangedman_fish_farm
D:11:     lair_entry_dummy, hangedman_weighted_door
D:12:     uniq_azrael, uniq_nergalle
Temple:   eino_narrow_crystal_temple
Sewer:    sewer_minmay_treatment
